 Dungeon Crawl Stone Soup version 0.17-b1-20-g63edfd6 (webtiles) character file.

3931 4thArraOfDagon the Grappler (level 10, -2/86 HPs)
             Began as a Ghoul Wanderer on Nov 4, 2015.
             Was a Priest of Cheibriados.
             Shot with an arrow by a centaur (6 damage)
             ... on level 11 of the Dungeon.
             The game lasted 00:18:37 (3016 turns).

4thArraOfDagon the Grappler (Ghoul Wanderer)        Turns: 3016, Time: 00:18:37

Health: -2/86      AC:  8    Str: 27    XL:     10   Next: 21%
Magic:  9/13       EV: 14    Int: 17    God:    Cheibriados [***...]
Gold:   354        SH:  0    Dex: 17    Spells: 0 memorised, 9 levels left

rFire  . . .     SeeInvis .       - Unarmed
rCold  + . .     Clarity  .     J - +1 ring mail "Oros" {Stlth+} (curse)
rNeg   + + +     SustAt   .     (no shield)
rPois  ∞         Gourm    .     b - +0 helmet
rElec  .         Spirit   .     w - +0 cloak
rCorr  .         Warding  .     (no gloves)
rMut   .         Stasis   .     (no boots)
MR     .....                    (no amulet)
Stlth  +++.......               l - ring of stealth
                                g - +4 ring of slaying

@: mighty, manticore barbs, very slightly contaminated, rotting, invisible, very
slow, not resistant to hostile enchantments, fairly stealthy
A: rotting body, claws 1, carnivore 3, cold resistance 1, negative energy
resistance 3, slow regeneration 1, torment resistance, unbreathing
a: Bend Time, Temporal Distortion, Renounce Religion


You were on level 11 of the Dungeon.
You worshipped Cheibriados.
Cheibriados was most pleased with you.
You were not hungry.

You visited 2 branches of the dungeon, and saw 12 of its levels.
You also visited: Ossuary.

You collected 354 gold pieces.

Inventory:

Hand Weapons
 A - the +8 falchion "Zareriur" {pain, Str-2 Int+6 Dex+3, unknown}
   (You found it on level 5 of the Dungeon)

   In the hands of one skilled in necromantic magic, it inflicts extra damage on
   living creatures.
   It affects your strength (-2).
   It affects your intelligence (+6).
   It affects your dexterity (+3).
 G - a +0 blowgun
Missiles
 H - 19 poisoned needles
Armour
 b - a +0 helmet (worn)
 w - a +0 cloak (worn)
 J - the cursed +1 ring mail "Oros" (worn) {Stlth+}
   (You found it on level 9 of the Dungeon)

   It makes you more stealthy.
   It has a curse placed upon it.
 L - a +0 pair of gloves
Magical Staves
 s - an uncursed staff of earth {unknown}
Jewellery
 g - a +4 ring of slaying (left claw)
 l - a ring of stealth (right claw)
Wands
 k - a wand of lightning (5)
 v - a wand of paralysis (0)
 D - a wand of slowing (21)
 E - a wand of digging (7)
 F - a wand of disintegration (13)
Scrolls
 f - a scroll of remove curse {unknown}
 h - a scroll of magic mapping
 i - 2 scrolls of amnesia {unknown}
 m - 5 scrolls of immolation {unknown}
 r - a scroll of random uselessness {unknown}
 u - a scroll of fear {unknown}
 x - a scroll of silence {unknown}
 y - a scroll of blinking {unknown}
 z - a scroll of noise {unknown}
 C - a scroll of torment {unknown}
Potions
 c - a potion of lignification {unknown}
 d - a potion of heal wounds {unknown}
 j - a potion of resistance {unknown}
 q - a potion of haste
 t - a potion of invisibility
 B - a potion of flight
Books
 a - a book of Geomancy

   Spells                             Type                      Level
   a - Sandblast                      Earth                        1
   b - Stoneskin                      Transmutation/Earth          2
   c - Passwall                       Transmutation/Earth          3
   d - Stone Arrow                    Conjuration/Earth            3
   e - Petrify                        Transmutation/Earth          4
   f - Lee's Rapid Deconstruction     Earth                        5
 o - a book of the Dragon

   Spells                             Type                      Level
   a - Flame Tongue                   Conjuration/Fire             1
   b - Cause Fear                     Hexes                        4
   c - Bolt of Fire                   Conjuration/Fire             6
   d - Dragon Form                    Transmutation                7
   e - Dragon's Call                  Summoning                    9
 p - an Akashic Record

   Spells                             Type                      Level
   a - Dispersal                      Translocation                6
   b - Malign Gateway                 Summoning/Translocation      7
   c - Disjunction                    Translocation                8
   d - Controlled Blink               Translocation                8
Comestibles
 e - 2 meat rations
 M - 14 chunks of flesh


   Skills:
 + Level 7.0 Fighting
   Level 1.0 Crossbows
 - Level 1.0 Throwing
 - Level 1.0 Armour
 + Level 4.9 Dodging
 - Level 1.1 Stealth
 * Level 10.4 Unarmed Combat
   Level 1.0 Charms
   Level 1.7 Transmutations
 + Level 5.7 Invocations
 - Level 4.1 Evocations


You had 9 spell levels left.
You didn't know any spells.

Dungeon Overview and Level Annotations

Branches:
Dungeon (11/15)            Temple (1/1) D:7            Lair (0/8) D:8
    Orc (0/4) D:10

Altars:
Ashenzari
Cheibriados
Dithmenos
Elyvilon
Fedhas
Gozag
Kikubaaqudgha
Makhleb
Nemelex Xobeh
Okawaru
Sif Muna
Trog
Vehumet
Xom
Yredelemnul
The Shining One


Innate Abilities, Weirdness & Mutations

Your body is rotting away.
You thrive on raw meat.
You are immune to poison.
You have sharp fingernails.
You are carnivorous and can eat meat at any time.
Your flesh is cold resistant.
You are immune to negative energy.
You regenerate slowly when monsters are visible.
You are immune to unholy pain and torment.
You can survive without breathing.


Message History

You claw the manticore!
The manticore is almost dead.
The centaur wields an uncursed shortbow of freezing.
It is covered in frost.
The centaur shoots an arrow.
The arrow hits you but does no damage. The manticore bites you!
* * * LOW HITPOINT WARNING * * *
The manticore barely misses you. The manticore claws you.
* * * LOW HITPOINT WARNING * * *
Unknown command.
Unknown command.
Unknown command.
You barely miss the manticore.
The manticore is almost dead.
Unknown command.
Unknown command.
Unknown command.
You barely miss the manticore.
The manticore is almost dead.
The centaur shoots an arrow.
The arrow hits you.
You die...

.#≈≈# .#≈≈ ... .# ...
.# # .. .########.#
.. ...#......# c#
...#uH....## c#
...#.l........###)#.#
...'........l.hH@...#
####.....#....###...#
#.....#.. ...#
#.....# ...# #.....#
.#.# #.....# ##.#
#.....# . .....# ..


You could see a manticore, a komodo dragon (wandering), 2 centaurs and a hound.

Vanquished Creatures
  A hill giant (D:11)
  An ugly thing (D:11)
  A two-headed ogre (D:11)
  Sigmund (D:6)
  2 hungry ghosts
  3 yaks (D:10)
  A porcupine (D:8)
  Duvessa (D:6)
  2 phantoms
  An orc warrior (D:10)
  3 centaurs
  2 big kobolds
  Dowan (D:6)
  2 scorpions
  A wyvern skeleton (D:10)
  3 crimson imps
  2 centaur zombies
  An orc priest (D:7)
  4 hounds
  3 orc wizards
  A centaur skeleton (D:7)
  A giant frog skeleton (D:5)
  A gnoll shaman (D:10)
  6 iguanas
  A worker ant (D:6)
  A hound zombie (D:7)
  5 mummies (Ossuary)
  7 gnolls (D:10)
  2 river rats (D:8)
  2 shadow imps
  6 adders
  2 worms (D:2)
  2 giant geckos
  14 orcs
  4 bats (D:2)
  3 giant cockroaches
  A goblin (D:3)
  3 hobgoblins
  7 jackals
  8 kobolds
  5 quokkas
  2 ball pythons
  A giant gecko skeleton (D:4)
  2 giant gecko zombies
  2 giant newts
  2 rats
127 creatures vanquished.

Vanquished Creatures (others)
  2 centaurs (D:11)
  2 plants (Ossuary)
4 creatures vanquished.

Grand Total: 131 creatures vanquished

Notes
Turn   | Place    | Note
--------------------------------------------------------------
     0 | D:1      | 4thArraOfDagon the Ghoul Wanderer began the quest for the Orb.
     0 | D:1      | 4thArraOfDagon set off with: a book of Geomancy, a +0 ring mail, a scroll of teleportation, a +0 club, a meat ration
     0 | D:1      | Reached XP level 1. HP: 19/19 MP: 0/0
   161 | D:2      | Reached XP level 2. HP: 24/24 MP: 1/1
   243 | D:2      | Reached XP level 3. HP: 18/29 MP: 2/2
   466 | D:3      | Found a shattered altar of Ashenzari.
   466 | D:3      | Found a glowing golden altar of the Shining One.
   466 | D:3      | Found a basalt altar of Yredelemnul.
   587 | D:4      | Found a bloodstained altar of Trog.
   669 | D:4      | Reached skill level 4 in Unarmed Combat
   669 | D:4      | Reached XP level 4. HP: 18/38 MP: 3/3
   698 | D:5      | Entered Level 5 of the Dungeon
   713 | D:5      | Noticed a hippogriff
   816 | D:5      | Reached skill level 1 in Evocations
   816 | D:5      | Reached XP level 5. HP: 42/45 MP: 4/4
   858 | D:6      | Found a blossoming altar of Fedhas.
   904 | D:7      | Reached skill level 5 in Unarmed Combat
   917 | D:7      | Found a staircase to the Ecumenical Temple.
   917 | D:7      | Noticed a centaur
   926 | D:7      | Killed a centaur
   926 | D:7      | Reached XP level 6. HP: 28/51 MP: 6/6
   936 | Temple   | Entered the Ecumenical Temple
   998 | Temple   | WHY
  1051 | D:7      | Found a snail-covered altar of Cheibriados.
  1051 | D:7      | Found an ancient bone altar of Kikubaaqudgha.
  1054 | D:7      | Became a worshipper of Cheibriados the Contemplative
  1144 | D:6      | Found a sand-covered staircase.
  1148 | Ossuary  | Entered an ossuary
  1339 | D:6      | Noticed Dowan
  1374 | D:6      | Noticed a hungry ghost
  1394 | D:6      | Killed a hungry ghost
  1394 | D:6      | Reached skill level 6 in Unarmed Combat
  1394 | D:6      | Reached skill level 1 in Invocations
  1394 | D:6      | Reached XP level 7. HP: 22/58 MP: 8/8
  1402 | D:6      | Noticed Duvessa
  1413 | D:6      | Killed Duvessa
  1413 | D:6      | Reached skill level 1 in Dodging
  1505 | D:5      | Got a steaming falchion
  1569 | D:6      | Killed Dowan
  1573 | D:6      | Noticed Sigmund
  1689 | D:6      | Noticed a phantom
  1701 | D:6      | Killed Sigmund
  1701 | D:6      | Reached * piety under Cheibriados
  1701 | D:6      | Reached XP level 8. HP: 43/66 MP: 8/10
  1727 | D:6      | Killed a phantom
  1727 | D:6      | Reached skill level 7 in Unarmed Combat
  1925 | D:8      | Reached skill level 5 in Fighting
  1957 | D:8      | Found a staircase to the Lair.
  1986 | D:8      | Reached skill level 8 in Unarmed Combat
  2011 | D:8      | Reached ** piety under Cheibriados
  2120 | D:9      | Reached XP level 9. HP: 72/74 MP: 11/11
  2320 | D:9      | Got a distressingly furry ring mail
  2325 | D:9      | Found a sparkling altar of Nemelex Xobeh.
  2340 | D:9      | Identified the cursed +1 ring mail "Oros" {Stlth+} (You found it on level 9 of the Dungeon)
  2340 | D:9      | :)
  2340 | D:9      | OP
  2369 | D:10     | Entered Level 10 of the Dungeon
  2677 | D:10     | Reached *** piety under Cheibriados
  2706 | D:10     | Reached skill level 9 in Unarmed Combat
  2803 | D:11     | Noticed a five-headed hydra
  2835 | D:10     | Found a staircase to the Orcish Mines.
  2881 | D:11     | Noticed a hill giant
  2897 | D:11     | Killed a hill giant
  2897 | D:11     | Reached skill level 10 in Unarmed Combat
  2897 | D:11     | Reached skill level 5 in Invocations
  2897 | D:11     | Reached XP level 10. HP: 82/84 MP: 11/13
  2971 | D:11     | Noticed a cyan ugly thing
  2974 | D:11     | Noticed a komodo dragon
  2975 | D:11     | Noticed a manticore
  3005 | D:11     | Killed a cyan ugly thing
  3014 | D:11     | HP: 4/86 [manticore (4)]
  3016 | D:11     | Shot with an arrow by a centaur

Action                   |  1- 3 |  4- 6 |  7- 9 | 10-12 || total
-------------------------+-------+-------+-------+-------++-------
Melee: Unarmed           |   104 |   101 |   275 |    28 ||   508
Throw: Stone             |     3 |     1 |       |       ||     4
       Javelin           |       |       |     5 |       ||     5
       Throwing net      |       |       |       |     1 ||     1
Invok: Bend Time         |       |       |       |     1 ||     1
       Temporal Distorti |       |       |       |     1 ||     1
Evoke: Wand              |       |     4 |     1 |       ||     5
  Use: Scroll            |     2 |     4 |     6 |     2 ||    14
       Potion            |       |       |     2 |     3 ||     5
 Stab: Paralysed         |       |     4 |       |       ||     4
       Sleeping          |       |       |     1 |     1 ||     2
       Invisible         |       |       |       |     5 ||     5
       Held in net/web   |       |       |       |     2 ||     2
  Eat: Chunk             |     7 |     4 |    21 |     4 ||    36
